Blue Jackets vs Senateurs

Created - March 26, 2018 at 20:10

Goals
1 2 3 T
Blue Jackets 0 2 0 2
Senateurs 1 1 2 4
Shots
1 2 3 T
Blue Jackets 5 11 5 21
Senateurs 3 8 12 23

1st period

1. Senateurs , Ramzi Abid 12 (David Krejci 9, Kurtis Foster 32) at 18:29

Penalties :
Torey Krug (Clb) for Roughing (Minor) at 11:26, Andreas Nodl (Clb) for Hooking (Minor) at 14:10

2nd period

2. Blue Jackets , Martin Havlat 36 (François Beauchemin 9) at 8:03 (PP)
3. Blue Jackets , Martin Havlat 37 (David Booth 31) at 10:05
4. Senateurs , Ramzi Abid 13 (Milan Hejduk 7) at 14:20

Penalties :
Peter Worrell (Clb) for Tripping (Minor) at 3:16, Vladimir Mihalik (Ott) for Interference (Minor) at 6:08

3rd period

5. Senateurs , Evgeni Malkin 47 (Thomas Vanek 45) at 5:26 (PP)
6. Senateurs , Thomas Vanek 29 (Evgeni Malkin 53, Cody Hodgson 13) at 14:47 (PP)

Penalties :
Mike Brown (Clb) for Hooking (Minor) at 0:51, Kevin Porter (Clb) for Roughing (Minor) at 5:20, Milan Hejduk (Ott) for Elbowing (Minor) at 8:14, Peter Worrell (Clb) for High sticking (Minor) at 14:00, Johan Franzen (Ott) for Roughing (Minor) at 16:44

Goalie Stats

Rick DiPietro (Clb), 19 saves from 23 shots - (0.826), L, 26-29-3, 60:00 minutes
Ondrej Pavelec (Ott), 19 saves from 21 shots - (0.905), W, 27-19-2, 60:00 minutes

Players Stats for Blue Jackets

Player Name              G  A  P  +/- PIM S  H  SB GA TA FO     MP     PP MP  PK MP  
------------------------------------------------------------------------------------
A.J Thelen               0  0  0   0  0   0  1  0  0  0  0/0     5:11   0:00   0:00 
Andreas Nodl             0  0  0   0  2   2  1  0  0  0  0/2    13:46   0:07   0:00 
Branislav Mezei          0  0  0   0  0   2  0  1  0  1  0/0    27:03   4:01   4:59 
Dave Steckel             0  0  0  -1  0   0  1  2  0  0  7/13   18:20   2:46   0:24 
David Booth              0  1  1   0  0   2  1  0  0  0  6/9    24:06   3:03   4:48 
François Beauchemin      0  1  1  -1  0   1  0  1  0  0  0/0    18:25   1:52   3:50 
Jeff Taffe               0  0  0   0  0   0  0  0  0  1  0/0     6:29   0:04   0:56 
Kevin Porter             0  0  0   0  2   0  3  0  0  0  1/4    14:35   0:00   1:41 
Martin Havlat            2  0  2   0  0   5  1  1  1  1  3/3    24:18   3:04   4:52 
Mike Brown               0  0  0  -1  2   4  0  0  0  0  0/0    18:12   2:46   0:00 
Mike Commodore           0  0  0   0  0   0  0  0  0  0  0/0     5:11   0:00   0:00 
Mike Lundin              0  0  0   0  0   2  0  0  0  0  0/0    27:00   4:01   4:59 
Mike York                0  0  0   0  0   0  3  0  0  1  1/2    15:27   0:00   2:54 
Peter Mueller            0  0  0   0  0   1  3  0  0  0  9/21   16:02   3:03   0:00 
Peter Worrell            0  0  0  -1  4   2  2  0  0  0  0/0    19:41   2:46   2:03 
Ryan O'Byrne             0  0  0  -1  0   0  0  0  0  2  0/0    18:25   1:52   3:50 
Tim Ramholt              0  0  0   0  0   0  0  2  0  0  0/0     9:24   0:00   0:00 
Torey Krug               0  0  0   0  2   0  0  2  0  0  0/0     9:30   0:00   0:00 

Players Stats for Senateurs

Player Name              G  A  P  +/- PIM S  H  SB GA TA FO     MP     PP MP  PK MP  
------------------------------------------------------------------------------------
Brenden Morrow           0  0  0   0  0   1  2  1  1  0  1/2    19:19   4:19   2:23 
Brooks Orpik             0  0  0   0  0   0  2  1  0  0  0/0    11:38   0:00   0:00 
Carlo Colaiacovo         0  0  0  -1  0   2  2  0  0  0  0/0    19:58   3:12   2:36 
Cody Franson             0  0  0  -1  0   0  0  1  1  1  0/0    19:58   3:12   2:36 
Cody Hodgson             0  1  1   0  0   1  1  0  0  0  2/8    17:16   4:19   0:04 
Dan Girardi              0  0  0   1  0   0  0  0  0  0  0/0     3:36   0:00   0:28 
Dan Hamhuis              0  0  0   2  0   1  0  1  1  0  0/0    28:12   5:37   3:05 
David Krejci             0  1  1   1  0   0  2  0  0  0  2/5    14:06   0:00   1:48 
Evgeni Malkin            1  1  2  -1  0   2  3  3  0  0  16/30  24:37   4:07   2:56 
Johan Franzen            0  0  0  -1  2   3  0  2  2  0  1/1    18:10   4:19   0:00 
Kurtis Foster            0  1  1   1  0   0  2  3  0  0  0/0    25:00   5:37   3:01 
Marian Hossa             0  0  0   0  0   0  1  3  1  0  0/0    16:07   0:03   3:05 
Milan Hejduk             0  1  1   1  2   0  0  1  0  0  2/2    10:33   4:13   0:00 
Pascal Dupuis            0  0  0   1  0   0  0  0  0  0  1/1    12:00   0:00   0:00 
Ramzi Abid               2  0  2   2  0   2  1  0  0  0  1/1    14:37   0:34   0:24 
Sergei Kostitsyn         0  0  0   1  0   3  0  0  0  0  1/2     7:48   0:11   0:00 
Thomas Vanek             1  1  2  -1  0   7  2  0  0  0  0/2    19:32   4:22   1:06 
Vladimir Mihalik         0  0  0   0  2   1  1  0  0  0  0/0    11:37   0:00   0:00 

3 Stars

1 - Ramzi Abid (Ott)
2 - Evgeni Malkin (Ott)
3 - Martin Havlat (Clb)

Power Play

Blue Jackets - 1 on 3 Attempt(s) - 33.33%
Senateurs - 2 on 6 Attempt(s) - 33.33%

Penalty Kill

Blue Jackets - 4 on 6 Attempt(s) - 66.67% - Score 0 goal in Penalty Kill
Senateurs - 2 on 3 Attempt(s) - 66.67% - Score 0 goal in Penalty Kill

Team Stat

Blue Jackets - Hits : 16 - Faceoff Wins : 27 - Blocked Shots : 9 - Penalty Minutes : 12
Senateurs - Hits : 19 - Faceoff Wins : 27 - Blocked Shots : 16 - Penalty Minutes : 6

Official

Referees : Banfield David and Kozari Steve
Linesman : Derek Amell and Brian Murphy

Game Notes

No Game Note

Finance

Level 1 -- Attendance: 5726 (95.43%) -- Ticket Income $475,258
Level 2 -- Attendance: 4394 (87.88%) -- Ticket Income $232,882
Level 3 -- Attendance: 1840 (92.00%) -- Ticket Income $60,720
Level 4 -- Attendance: 3778 (94.45%) -- Ticket Income $86,894
Luxury Box -- Attendance: 898 (89.80%) -- Ticket Income $139,190
Game was played at the Place Banque Scotia.
Total Attendance: 16636 (92.42%)
Total Ticket Income: $994,944
Other Income: $149,242
Total Income: $1,144,186

Blue Jackets

5 vs 5 Forward 
   Center                   Left Wing                Right Wing               Time % Phy DF OF 
 1 Peter Mueller            David Booth              Martin Havlat            40     1   2  2  
 2 Dave Steckel             Peter Worrell            Mike Brown               30     1   2  2  
 3 Kevin Porter             Mike York                Andreas Nodl             20     1   2  2  
 4 David Booth              Jeff Taffe               Martin Havlat            10     1   2  2  

5 vs 5 Defense 
   Defense                  Defense                                           Time % Phy DF OF 
 1 Mike Lundin              Branislav Mezei                                   40     1   2  2  
 2 Ryan O'Byrne             François Beauchemin                               30     1   2  2  
 3 Torey Krug               Tim Ramholt                                       20     1   2  2  
 4 Mike Commodore           A.J Thelen                                        10     1   2  2  

PowerPlay Forward 
   Center                   Left Wing                Right Wing               Time % Phy DF OF 
 1 Peter Mueller            David Booth              Martin Havlat            60     1   2  2  
 2 Dave Steckel             Peter Worrell            Mike Brown               40     1   2  2  

PowerPlay Defense
   Defense                  Defense                                           Time % Phy DF OF 
 1 Mike Lundin              Branislav Mezei                                   60     1   2  2  
 2 Ryan O'Byrne             François Beauchemin                               40     1   2  2  

Penalty Kill 4 Players Forward 
   Center                   Wing                     Time % Phy DF OF 
 1 David Booth              Martin Havlat            60     1   2  2  
 2 Peter Worrell            Mike York                40     1   2  2  

Penalty Kill 4 Players Defense
   Defense                  Defense                  Time % Phy DF OF 
 1 Mike Lundin              Branislav Mezei          60     1   2  2  
 2 Ryan O'Byrne             François Beauchemin      40     1   2  2  

Penalty Kill - 3 Players Forward 
   Forward                                           Time % Phy DF OF 
 1 David Booth                                       60     1   2  2  
 2 Martin Havlat                                     40     1   2  2  

Penalty Kill - 3 Players Defense
   Defense                  Defense                  Time % Phy DF OF 
 1 Mike Lundin              Branislav Mezei          60     1   2  2  
 2 Ryan O'Byrne             François Beauchemin      40     1   2  2  

4 vs 4 Forward 
   Center                   Wing                     Time % Phy DF OF 
 1 David Booth              Martin Havlat            60     1   2  2  
 2 Peter Worrell            Mike York                40     1   2  2  

4 vs 4 Defense
   Defense                  Defense                  Time % Phy DF OF 
 1 Mike Lundin              Branislav Mezei          60     1   2  2  
 2 Ryan O'Byrne             François Beauchemin      40     1   2  2  

Last Minutes Offensive
   Center                   Left Wing                Right Wing               Defense                  Defense                  
   Peter Mueller            David Booth              Martin Havlat            Mike Lundin              Branislav Mezei          

Last Minutes Defensive
   Center                   Left Wing                Right Wing               Defense                  Defense                  
   Peter Mueller            David Booth              Martin Havlat            Mike Lundin              Branislav Mezei          

Goaltenders
Starting : Rick DiPietro            
Backup : Keith Kinkaid            

Extra Forwards
Normal : Andreas Nodl, Jeff Taffe, Kevin Porter - PP : Andreas Nodl, Jeff Taffe - PK : Kevin Porter
Extra Defensemen
Normal : Torey Krug, Tim Ramholt, Mike Commodore - PP : Torey Krug - PK : Tim Ramholt, Mike Commodore
Penalty Shots
David Booth, Martin Havlat, Peter Worrell, Mike York, Mike Brown

Scratches
Antti Miettinen (Healthy), Jan Bulis (Healthy), Patrick O'Sullivan (Healthy)

Senateurs

5 vs 5 Forward 
   Center                   Left Wing                Right Wing               Time % Phy DF OF 
 1 Evgeni Malkin            Thomas Vanek             Johan Franzen            40     1   2  2  
 2 Cody Hodgson             Brenden Morrow           Marian Hossa             30     1   2  2  
 3 David Krejci             Ramzi Abid               Pascal Dupuis            20     1   2  2  
 4 Evgeni Malkin            Sergei Kostitsyn         Milan Hejduk             10     1   2  2  

5 vs 5 Defense 
   Defense                  Defense                                           Time % Phy DF OF 
 1 Dan Hamhuis              Kurtis Foster                                     40     1   2  2  
 2 Cody Franson             Carlo Colaiacovo                                  30     1   2  2  
 3 Brooks Orpik             Vladimir Mihalik                                  20     1   2  2  
 4 Dan Girardi              Dan Hamhuis                                       10     1   2  2  

PowerPlay Forward 
   Center                   Left Wing                Right Wing               Time % Phy DF OF 
 1 Evgeni Malkin            Thomas Vanek             Milan Hejduk             60     1   2  2  
 2 Cody Hodgson             Brenden Morrow           Johan Franzen            40     1   2  2  

PowerPlay Defense
   Defense                  Defense                                           Time % Phy DF OF 
 1 Dan Hamhuis              Kurtis Foster                                     60     1   2  2  
 2 Cody Franson             Carlo Colaiacovo                                  40     1   2  2  

Penalty Kill 4 Players Forward 
   Center                   Wing                     Time % Phy DF OF 
 1 Evgeni Malkin            Marian Hossa             60     1   2  2  
 2 Thomas Vanek             Brenden Morrow           40     1   2  2  

Penalty Kill 4 Players Defense
   Defense                  Defense                  Time % Phy DF OF 
 1 Dan Hamhuis              Kurtis Foster            60     1   2  2  
 2 Cody Franson             Carlo Colaiacovo         40     1   2  2  

Penalty Kill - 3 Players Forward 
   Forward                                           Time % Phy DF OF 
 1 Evgeni Malkin                                     60     1   2  2  
 2 Marian Hossa                                      40     1   2  2  

Penalty Kill - 3 Players Defense
   Defense                  Defense                  Time % Phy DF OF 
 1 Dan Hamhuis              Kurtis Foster            60     1   2  2  
 2 Cody Franson             Carlo Colaiacovo         40     1   2  2  

4 vs 4 Forward 
   Center                   Wing                     Time % Phy DF OF 
 1 Evgeni Malkin            Marian Hossa             60     1   2  2  
 2 Thomas Vanek             Brenden Morrow           40     1   2  2  

4 vs 4 Defense
   Defense                  Defense                  Time % Phy DF OF 
 1 Dan Hamhuis              Kurtis Foster            60     1   2  2  
 2 Cody Franson             Carlo Colaiacovo         40     1   2  2  

Last Minutes Offensive
   Center                   Left Wing                Right Wing               Defense                  Defense                  
   Evgeni Malkin            Thomas Vanek             Marian Hossa             Dan Hamhuis              Kurtis Foster            

Last Minutes Defensive
   Center                   Left Wing                Right Wing               Defense                  Defense                  
   Evgeni Malkin            Thomas Vanek             Marian Hossa             Dan Hamhuis              Kurtis Foster            

Goaltenders
Starting : Ondrej Pavelec           
Backup : Jeff Deslauriers         

Extra Forwards
Normal : Ramzi Abid, Sergei Kostitsyn, David Krejci - PP : Ramzi Abid, Sergei Kostitsyn - PK : David Krejci
Extra Defensemen
Normal : Brooks Orpik, Vladimir Mihalik, Dan Girardi - PP : Brooks Orpik - PK : Vladimir Mihalik, Dan Girardi
Penalty Shots
Evgeni Malkin, Marian Hossa, Thomas Vanek, Brenden Morrow, Johan Franzen

Scratches
Brandon Dubinsky (Healthy), Ryan Malone (Healthy)

% Time on Ice - Blue Jackets

Lines # - Real PCT - Wanted PCT - Time Play
Normal Forward
1 - 29% - 40% - 13:12
2 - 34% - 30% - 15:25
3 - 27% - 20% - 12:26
4 - 9% - 10% - 4:15
Normal Defense
1 - 40% - 40% - 18:00
2 - 28% - 30% - 12:43
3 - 21% - 20% - 9:24
4 - 11% - 10% - 5:11
PP Forward
1 - 53% - 60% - 3:07
2 - 47% - 40% - 2:46
PP Defense
1 - 68% - 60% - 4:01
2 - 32% - 40% - 1:52
PK Forward
1 - 67% - 60% - 5:52
2 - 33% - 40% - 2:57
PK Defense
1 - 57% - 60% - 4:59
2 - 43% - 40% - 3:50
PK3 Forward
1 - 0% - 60%
2 - 0% - 40%
PK3 Defense
1 - 0% - 60%
2 - 0% - 40%
44 Forward
1 - 0% - 60%
2 - 0% - 40%
44 Defense
1 - 0% - 60%
2 - 0% - 40%
Last Minute Offensive  - 0:00
Last Minute Defensive  - 0:00
Total
Forward - 60:00
Defense - 60:00

% Time on Ice - Senateurs

Lines # - Real PCT - Wanted PCT - Time Play
Normal Forward
1 - 32% - 40% - 14:22
2 - 28% - 30% - 12:47
3 - 26% - 20% - 12:00
4 - 14% - 10% - 6:09
Normal Defense
1 - 36% - 40% - 16:22
2 - 31% - 30% - 14:10
3 - 26% - 20% - 11:38
4 - 7% - 10% - 3:08
PP Forward
1 - 51% - 60% - 4:30
2 - 49% - 40% - 4:19
PP Defense
1 - 64% - 60% - 5:37
2 - 36% - 40% - 3:12
PK Forward
1 - 81% - 60% - 4:47
2 - 19% - 40% - 1:06
PK Defense
1 - 56% - 60% - 3:17
2 - 44% - 40% - 2:36
PK3 Forward
1 - 0% - 60%
2 - 0% - 40%
PK3 Defense
1 - 0% - 60%
2 - 0% - 40%
44 Forward
1 - 0% - 60%
2 - 0% - 40%
44 Defense
1 - 0% - 60%
2 - 0% - 40%
Last Minute Offensive  - 0:00
Last Minute Defensive  - 0:00
Total
Forward - 60:00
Defense - 60:00

Play by Play

1st period


0:01 of 1st period - Peter Mueller wins face-off versus Evgeni Malkin in neutral zone.
0:06 of 1st period - Wrist shot by David Booth.
0:06 of 1st period - Shot Misses the Net.
0:08 of 1st period - Wrist shot by Martin Havlat.
0:08 of 1st period - Shot Misses the Net.
0:10 of 1st period - Slapshot by Mike Lundin.
0:10 of 1st period - Deflect By Evgeni Malkin.
0:10 of 1st period - Stopped by Ondrej Pavelec without a rebound.
0:11 of 1st period - Dave Steckel wins face-off versus Cody Hodgson in Senateurs zone.
0:24 of 1st period - Slapshot by Mike Brown.
0:24 of 1st period - Shot Blocked by Brenden Morrow.
0:26 of 1st period - Wrist shot by Mike Brown.
0:26 of 1st period - Stopped by Ondrej Pavelec without a rebound.
0:27 of 1st period - Pascal Dupuis wins face-off versus Kevin Porter in Senateurs zone.
4:57 of 1st period - Snap shot by Milan Hejduk.
4:57 of 1st period - Shot Misses the Net.
5:43 of 1st period - Martin Havlat is hit by David Krejci and loses puck.
6:33 of 1st period - Andreas Nodl is hit by Kurtis Foster and loses puck.
6:46 of 1st period - Wrist shot by Johan Franzen.
6:46 of 1st period - Stopped by Rick DiPietro without a rebound.
6:47 of 1st period - Sergei Kostitsyn wins face-off versus David Booth in Blue Jackets zone.
7:12 of 1st period - Brenden Morrow is hit by Dave Steckel.
8:07 of 1st period - Slapshot by Thomas Vanek.
8:07 of 1st period - Shot Misses the Net.
8:31 of 1st period - Slapshot by Ramzi Abid.
8:31 of 1st period - Shot Misses the Net.
9:15 of 1st period - Snap shot by Milan Hejduk.
9:15 of 1st period - Shot Hit the Post.
9:17 of 1st period - Wrist shot by Sergei Kostitsyn.
9:17 of 1st period - Shot Blocked by Dave Steckel.
9:19 of 1st period - Wrist shot by Sergei Kostitsyn.
9:19 of 1st period - Shot Blocked by Dave Steckel.
9:21 of 1st period - Snap shot by Sergei Kostitsyn.
9:21 of 1st period - Stopped by Rick DiPietro without a rebound.
9:22 of 1st period - Martin Havlat wins face-off versus Cody Hodgson in Blue Jackets zone.
10:34 of 1st period - Brenden Morrow is hit by Peter Mueller and loses puck.
10:57 of 1st period - Kevin Porter is hit by Ramzi Abid and loses puck.
11:26 of 1st period - Minor Penalty to Torey Krug for Roughing.
11:27 of 1st period - Martin Havlat wins face-off versus Cody Hodgson in Blue Jackets zone.
12:58 of 1st period - Brenden Morrow is hit by Mike York and loses puck.
13:23 of 1st period - Kurtis Foster is hit by Mike York and loses puck.
13:26 of 1st period - Penalty to Torey Krug is over, Torey Krug is back on ice.
14:10 of 1st period - Minor Penalty to Andreas Nodl for Hooking.
14:11 of 1st period - David Booth wins face-off versus Thomas Vanek in Blue Jackets zone.
14:38 of 1st period - Martin Havlat is hit by Kurtis Foster and loses puck.
15:30 of 1st period - Dan Hamhuis is hit by Kevin Porter and loses puck.
16:10 of 1st period - Penalty to Andreas Nodl is over, Andreas Nodl is back on ice.
16:24 of 1st period - Wrist shot by Andreas Nodl.
16:24 of 1st period - Stopped by Ondrej Pavelec without a rebound.
16:25 of 1st period - Dave Steckel wins face-off versus David Krejci in Senateurs zone.
16:28 of 1st period - Wrist shot by Dave Steckel.
16:28 of 1st period - Shot Misses the Net.
17:23 of 1st period - Icing by Brooks Orpik.
17:24 of 1st period - Peter Mueller wins face-off versus Sergei Kostitsyn in Senateurs zone.
17:47 of 1st period - Snap shot by Peter Worrell.
17:47 of 1st period - Stopped by Ondrej Pavelec with a rebound.
17:49 of 1st period - Slapshot by Ryan O'Byrne.
17:49 of 1st period - Shot Blocked by Marian Hossa.
17:51 of 1st period - Snap shot by Dave Steckel.
17:51 of 1st period - Deflect By Marian Hossa.
17:51 of 1st period - Shot Misses the Net.
17:51 of 1st period - Puck is out of play.
17:52 of 1st period - Evgeni Malkin wins face-off versus Dave Steckel in Senateurs zone.
18:11 of 1st period - Dan Hamhuis is hit by Peter Worrell.
18:29 of 1st period - Snap shot by David Krejci.
18:29 of 1st period - Deflect By Ramzi Abid.
18:29 of 1st period - Goal by Ramzi Abid - Blue Jackets : 0 - Senateurs : 1.
18:30 of 1st period - Evgeni Malkin wins face-off versus Peter Mueller in neutral zone.
18:41 of 1st period - Slapshot by Branislav Mezei.
18:41 of 1st period - Stopped by Ondrej Pavelec with a rebound.
18:44 of 1st period - Icing by Johan Franzen.
18:45 of 1st period - Peter Mueller wins face-off versus Evgeni Malkin in Senateurs zone.
19:01 of 1st period - Slapshot by Martin Havlat.
19:01 of 1st period - Shot Blocked by Johan Franzen.
19:13 of 1st period - Dave Steckel is hit by Marian Hossa and loses puck.
19:42 of 1st period - Slapshot by Peter Worrell.
19:42 of 1st period - Shot Blocked by Kurtis Foster.
19:57 of 1st period - Icing by Branislav Mezei.
19:58 of 1st period - Evgeni Malkin wins face-off versus Kevin Porter in Blue Jackets zone.
Goals for this period are 0 for Blue Jackets vs 1 for Senateurs.
Shots for this period are 5 for Blue Jackets vs 3 for Senateurs.

2nd period


0:01 of 2nd period - Peter Mueller wins face-off versus Thomas Vanek in neutral zone.
0:04 of 2nd period - Wrist shot by Martin Havlat.
0:04 of 2nd period - Shot Blocked by Evgeni Malkin.
0:06 of 2nd period - Slapshot by Peter Mueller.
0:06 of 2nd period - Stopped by Ondrej Pavelec with a rebound.
0:08 of 2nd period - Snap shot by Martin Havlat.
0:08 of 2nd period - Stopped by Ondrej Pavelec with a rebound.
0:10 of 2nd period - Wrist shot by David Booth.
0:10 of 2nd period - Stopped by Ondrej Pavelec with a rebound.
0:26 of 2nd period - Dave Steckel is hit by Cody Hodgson.
1:34 of 2nd period - François Beauchemin is hit by Carlo Colaiacovo and loses puck.
1:57 of 2nd period - David Krejci is hit by Peter Mueller and loses puck.
2:14 of 2nd period - Kevin Porter is hit by Brooks Orpik and loses puck.
3:11 of 2nd period - Off-side.
3:12 of 2nd period - Evgeni Malkin wins face-off versus Dave Steckel in neutral zone.
3:16 of 2nd period - Minor Penalty to Peter Worrell for Tripping.
3:17 of 2nd period - David Booth wins face-off versus Evgeni Malkin in Blue Jackets zone.
4:55 of 2nd period - François Beauchemin is hit by Thomas Vanek and loses puck.
5:16 of 2nd period - Penalty to Peter Worrell is over, Peter Worrell is back on ice.
6:08 of 2nd period - Minor Penalty to Vladimir Mihalik for Interference.
6:09 of 2nd period - Evgeni Malkin wins face-off versus Dave Steckel in Senateurs zone.
6:20 of 2nd period - Evgeni Malkin is hit by Peter Worrell and loses puck.
8:03 of 2nd period - Snap shot by Martin Havlat.
8:03 of 2nd period - Goal by Martin Havlat - Blue Jackets : 1 - Senateurs : 1.
8:04 of 2nd period - Kevin Porter wins face-off versus Evgeni Malkin in neutral zone.
8:19 of 2nd period - Carlo Colaiacovo is hit by Mike York.
8:36 of 2nd period - Snap shot by David Booth.
8:36 of 2nd period - Stopped by Ondrej Pavelec with a rebound.
8:38 of 2nd period - Wrist shot by Martin Havlat.
8:38 of 2nd period - Shot Blocked by Cody Franson.
8:48 of 2nd period - Slapshot by Cody Franson.
8:48 of 2nd period - Deflect By Ramzi Abid.
8:48 of 2nd period - Shot Misses the Net.
8:48 of 2nd period - Puck is out of play.
8:49 of 2nd period - Dave Steckel wins face-off versus David Krejci in Blue Jackets zone.
9:00 of 2nd period - Snap shot by Mike Brown.
9:00 of 2nd period - Stopped by Ondrej Pavelec without a rebound.
9:01 of 2nd period - Evgeni Malkin wins face-off versus Peter Mueller in Senateurs zone.
9:10 of 2nd period - Snap shot by Thomas Vanek.
9:10 of 2nd period - Stopped by Rick DiPietro without a rebound.
9:11 of 2nd period - Peter Mueller wins face-off versus Evgeni Malkin in Blue Jackets zone.
9:21 of 2nd period - Wrist shot by Evgeni Malkin.
9:21 of 2nd period - Shot Misses the Net.
9:23 of 2nd period - Wrist shot by Thomas Vanek.
9:23 of 2nd period - Shot Misses the Net.
9:25 of 2nd period - Slapshot by Dan Hamhuis.
9:25 of 2nd period - Stopped by Rick DiPietro with a rebound.
9:33 of 2nd period - Slapshot by Thomas Vanek.
9:33 of 2nd period - Stopped by Rick DiPietro without a rebound.
9:34 of 2nd period - Cody Hodgson wins face-off versus Dave Steckel in Blue Jackets zone.
9:47 of 2nd period - Wrist shot by Mike Brown.
9:47 of 2nd period - Shot Blocked by Marian Hossa.
9:49 of 2nd period - Slapshot by François Beauchemin.
9:49 of 2nd period - Stopped by Ondrej Pavelec with a rebound.
10:05 of 2nd period - Wrist shot by Martin Havlat.
10:05 of 2nd period - Goal by Martin Havlat - Blue Jackets : 2 - Senateurs : 1.
10:06 of 2nd period - Evgeni Malkin wins face-off versus Peter Mueller in neutral zone.
10:09 of 2nd period - Slapshot by Dan Hamhuis.
10:09 of 2nd period - Deflect By Thomas Vanek.
10:09 of 2nd period - Shot Misses the Net.
10:09 of 2nd period - Puck is out of play.
10:10 of 2nd period - Evgeni Malkin wins face-off versus Peter Mueller in Blue Jackets zone.
10:15 of 2nd period - Wrist shot by Evgeni Malkin.
10:15 of 2nd period - Deflect By Johan Franzen.
10:15 of 2nd period - Shot Misses the Net.
10:15 of 2nd period - Puck is out of play.
10:16 of 2nd period - Johan Franzen wins face-off versus Peter Mueller in Blue Jackets zone.
10:27 of 2nd period - Slapshot by Dan Hamhuis.
10:27 of 2nd period - Deflect By Johan Franzen.
10:27 of 2nd period - Shot Misses the Net.
10:27 of 2nd period - Puck is out of play.
10:28 of 2nd period - Peter Mueller wins face-off versus Evgeni Malkin in Blue Jackets zone.
11:35 of 2nd period - Torey Krug is hit by Evgeni Malkin and loses puck.
11:54 of 2nd period - Slapshot by Evgeni Malkin.
11:54 of 2nd period - Stopped by Rick DiPietro with a rebound.
12:18 of 2nd period - Mike Commodore is hit by Evgeni Malkin and loses puck.
12:36 of 2nd period - Slapshot by Mike Lundin.
12:36 of 2nd period - Stopped by Ondrej Pavelec with a rebound.
12:38 of 2nd period - Wrist shot by Andreas Nodl.
12:38 of 2nd period - Stopped by Ondrej Pavelec with a rebound.
12:50 of 2nd period - Snap shot by Peter Worrell.
12:50 of 2nd period - Shot Blocked by Brooks Orpik.
13:09 of 2nd period - Snap shot by Mike Brown.
13:09 of 2nd period - Shot Blocked by Johan Franzen.
14:16 of 2nd period - Snap shot by Sergei Kostitsyn.
14:16 of 2nd period - Stopped by Rick DiPietro without a rebound.
14:17 of 2nd period - Milan Hejduk wins face-off versus David Booth in Blue Jackets zone.
14:20 of 2nd period - Wrist shot by Ramzi Abid.
14:20 of 2nd period - Goal by Ramzi Abid - Blue Jackets : 2 - Senateurs : 2.
14:21 of 2nd period - Peter Mueller wins face-off versus Evgeni Malkin in neutral zone.
14:24 of 2nd period - Thomas Vanek is hit by Peter Mueller and loses puck.
15:50 of 2nd period - Off-side.
15:51 of 2nd period - Dave Steckel wins face-off versus Evgeni Malkin in neutral zone.
15:54 of 2nd period - Wrist shot by Mike Brown.
15:54 of 2nd period - Shot Blocked by Evgeni Malkin.
15:56 of 2nd period - Snap shot by Peter Worrell.
15:56 of 2nd period - Shot Blocked by Milan Hejduk.
16:09 of 2nd period - Off-side.
16:10 of 2nd period - Brenden Morrow wins face-off versus Peter Mueller in neutral zone.
16:12 of 2nd period - Off-side.
16:13 of 2nd period - Cody Hodgson wins face-off versus Peter Mueller in neutral zone.
16:16 of 2nd period - Snap shot by Marian Hossa.
16:16 of 2nd period - Shot Blocked by Tim Ramholt.
16:18 of 2nd period - Slapshot by Marian Hossa.
16:18 of 2nd period - Shot Blocked by Martin Havlat.
16:20 of 2nd period - Slapshot by Brenden Morrow.
16:20 of 2nd period - Stopped by Rick DiPietro without a rebound.
16:21 of 2nd period - David Booth wins face-off versus Evgeni Malkin in Blue Jackets zone.
16:38 of 2nd period - Snap shot by Martin Havlat.
16:38 of 2nd period - Stopped by Ondrej Pavelec without a rebound.
16:39 of 2nd period - Dave Steckel wins face-off versus Cody Hodgson in Senateurs zone.
16:50 of 2nd period - Snap shot by Dave Steckel.
16:50 of 2nd period - Shot Blocked by Kurtis Foster.
17:29 of 2nd period - Snap shot by Ramzi Abid.
17:29 of 2nd period - Shot Blocked by Tim Ramholt.
17:31 of 2nd period - Slapshot by Carlo Colaiacovo.
17:31 of 2nd period - Deflect By Peter Mueller.
17:31 of 2nd period - Stopped by Rick DiPietro without a rebound.
17:32 of 2nd period - David Krejci wins face-off versus Kevin Porter in Blue Jackets zone.
18:01 of 2nd period - Wrist shot by David Krejci.
18:01 of 2nd period - Shot Misses the Net.
19:07 of 2nd period - Off-side.
19:08 of 2nd period - Evgeni Malkin wins face-off versus Peter Mueller in neutral zone.
19:25 of 2nd period - Ryan O'Byrne is hit by Evgeni Malkin and loses puck.
19:44 of 2nd period - Wrist shot by Mike Brown.
19:44 of 2nd period - Shot Misses the Net.
Goals for this period are 2 for Blue Jackets vs 1 for Senateurs.
Shots for this period are 11 for Blue Jackets vs 8 for Senateurs.

3rd period


0:01 of 3rd period - Peter Mueller wins face-off versus Evgeni Malkin in neutral zone.
0:04 of 3rd period - Dan Hamhuis is hit by Martin Havlat and loses puck.
0:25 of 3rd period - Wrist shot by Cody Hodgson.
0:25 of 3rd period - Shot Blocked by Torey Krug.
0:27 of 3rd period - Wrist shot by Brenden Morrow.
0:27 of 3rd period - Deflect By Cody Hodgson.
0:27 of 3rd period - Stopped by Rick DiPietro without a rebound.
0:28 of 3rd period - Dave Steckel wins face-off versus Cody Hodgson in Blue Jackets zone.
0:51 of 3rd period - Minor Penalty to Mike Brown for Hooking.
0:52 of 3rd period - Martin Havlat wins face-off versus Evgeni Malkin in Blue Jackets zone.
2:51 of 3rd period - Penalty to Mike Brown is over, Mike Brown is back on ice.
5:01 of 3rd period - David Krejci is hit by Kevin Porter and loses puck.
5:20 of 3rd period - Minor Penalty to Kevin Porter for Roughing.
5:21 of 3rd period - Evgeni Malkin wins face-off versus David Booth in Blue Jackets zone.
5:26 of 3rd period - Snap shot by Evgeni Malkin.
5:26 of 3rd period - Goal by Evgeni Malkin - Blue Jackets : 2 - Senateurs : 3.
5:27 of 3rd period - Evgeni Malkin wins face-off versus Peter Mueller in neutral zone.
6:13 of 3rd period - Cody Hodgson is hit by Kevin Porter and loses puck.
6:36 of 3rd period - Slapshot by Thomas Vanek.
6:36 of 3rd period - Stopped by Rick DiPietro with a rebound.
6:38 of 3rd period - Snap shot by Johan Franzen.
6:38 of 3rd period - Shot Misses the Net.
6:40 of 3rd period - Snap shot by Johan Franzen.
6:40 of 3rd period - Shot Misses the Net.
7:19 of 3rd period - Cody Franson is hit by A.J Thelen and loses puck.
8:11 of 3rd period - Icing by Mike Lundin.
8:12 of 3rd period - Milan Hejduk wins face-off versus Mike York in Blue Jackets zone.
8:14 of 3rd period - Minor Penalty to Milan Hejduk for Elbowing.
8:15 of 3rd period - Evgeni Malkin wins face-off versus Peter Mueller in Senateurs zone.
8:28 of 3rd period - Slapshot by Mike Lundin.
8:28 of 3rd period - Shot Blocked by Evgeni Malkin.
8:30 of 3rd period - Wrist shot by Martin Havlat.
8:30 of 3rd period - Stopped by Ondrej Pavelec without a rebound.
8:31 of 3rd period - Evgeni Malkin wins face-off versus Peter Mueller in Senateurs zone.
10:14 of 3rd period - Penalty to Milan Hejduk is over, Milan Hejduk is back on ice.
10:35 of 3rd period - Pascal Dupuis is hit by Andreas Nodl and loses puck.
11:18 of 3rd period - Slapshot by Vladimir Mihalik.
11:18 of 3rd period - Stopped by Rick DiPietro with a rebound.
11:20 of 3rd period - Slapshot by Sergei Kostitsyn.
11:20 of 3rd period - Stopped by Rick DiPietro with a rebound.
13:13 of 3rd period - Mike Brown is hit by Brenden Morrow and loses puck.
14:00 of 3rd period - Minor Penalty to Peter Worrell for High sticking.
14:01 of 3rd period - David Booth wins face-off versus Brenden Morrow in Blue Jackets zone.
14:10 of 3rd period - Slapshot by Johan Franzen.
14:10 of 3rd period - Stopped by Rick DiPietro without a rebound.
14:11 of 3rd period - David Booth wins face-off versus Cody Hodgson in Blue Jackets zone.
14:11 of 3rd period - David Booth is hit by Brenden Morrow.
14:24 of 3rd period - Kurtis Foster is hit by David Booth and loses puck.
14:47 of 3rd period - Wrist shot by Thomas Vanek.
14:47 of 3rd period - Goal by Thomas Vanek - Blue Jackets : 2 - Senateurs : 4.
14:48 of 3rd period - Evgeni Malkin wins face-off versus Dave Steckel in neutral zone.
14:53 of 3rd period - Wrist shot by Thomas Vanek.
14:53 of 3rd period - Stopped by Rick DiPietro with a rebound.
15:21 of 3rd period - Wrist shot by David Booth.
15:21 of 3rd period - Shot Blocked by Dan Hamhuis.
15:23 of 3rd period - Wrist shot by Martin Havlat.
15:23 of 3rd period - Shot Misses the Net.
15:33 of 3rd period - Slapshot by Marian Hossa.
15:33 of 3rd period - Shot Misses the Net.
15:35 of 3rd period - Slapshot by Dan Hamhuis.
15:35 of 3rd period - Deflect By David Krejci.
15:35 of 3rd period - Shot Blocked by François Beauchemin.
15:35 of 3rd period - Puck is out of play.
15:36 of 3rd period - Mike York wins face-off versus David Krejci in Blue Jackets zone.
15:44 of 3rd period - Off-side.
15:45 of 3rd period - David Booth wins face-off versus Evgeni Malkin in neutral zone.
15:52 of 3rd period - Backhand shot by Evgeni Malkin.
15:52 of 3rd period - Shot Blocked by Branislav Mezei.
15:54 of 3rd period - Snap shot by Carlo Colaiacovo.
15:54 of 3rd period - Stopped by Rick DiPietro with a rebound.
15:56 of 3rd period - Snap shot by Thomas Vanek.
15:56 of 3rd period - Stopped by Rick DiPietro with a rebound.
15:58 of 3rd period - Snap shot by Johan Franzen.
15:58 of 3rd period - Stopped by Rick DiPietro without a rebound.
15:59 of 3rd period - Peter Mueller wins face-off versus Evgeni Malkin in Blue Jackets zone.
16:06 of 3rd period - Snap shot by David Booth.
16:06 of 3rd period - Shot Blocked by Kurtis Foster.
16:12 of 3rd period - Mike Lundin is hit by Thomas Vanek and loses puck.
16:37 of 3rd period - Wrist shot by Mike Brown.
16:37 of 3rd period - Deflect By Brenden Morrow.
16:37 of 3rd period - Stopped by Ondrej Pavelec with a rebound.
16:39 of 3rd period - Snap shot by Mike Brown.
16:39 of 3rd period - Stopped by Ondrej Pavelec without a rebound.
16:40 of 3rd period - Dave Steckel wins face-off versus Evgeni Malkin in Senateurs zone.
16:41 of 3rd period - Wrist shot by Peter Worrell.
16:41 of 3rd period - Stopped by Ondrej Pavelec without a rebound.
16:42 of 3rd period - Evgeni Malkin wins face-off versus Dave Steckel in Senateurs zone.
16:44 of 3rd period - Minor Penalty to Johan Franzen for Roughing.
16:45 of 3rd period - Evgeni Malkin wins face-off versus Peter Mueller in Senateurs zone.
16:55 of 3rd period - Slapshot by Branislav Mezei.
16:55 of 3rd period - Stopped by Ondrej Pavelec with a rebound.
16:57 of 3rd period - Snap shot by David Booth.
16:57 of 3rd period - Shot Blocked by Marian Hossa.
16:59 of 3rd period - Snap shot by Martin Havlat.
16:59 of 3rd period - Shot Misses the Net.
17:01 of 3rd period - Wrist shot by David Booth.
17:01 of 3rd period - Shot Misses the Net.
18:27 of 3rd period - David Booth is hit by Carlo Colaiacovo.
18:37 of 3rd period - Dave Steckel is hit by David Krejci and loses puck.
18:44 of 3rd period - Penalty to Johan Franzen is over, Johan Franzen is back on ice.
18:50 of 3rd period - Wrist shot by Cody Hodgson.
18:50 of 3rd period - Shot Misses the Net.
19:05 of 3rd period - Off-side.
19:06 of 3rd period - Ramzi Abid wins face-off versus Andreas Nodl in neutral zone.
19:09 of 3rd period - Tim Ramholt is hit by Brooks Orpik and loses puck.
19:14 of 3rd period - Snap shot by Thomas Vanek.
19:14 of 3rd period - Stopped by Rick DiPietro without a rebound.
19:15 of 3rd period - David Krejci wins face-off versus Andreas Nodl in Blue Jackets zone.
19:20 of 3rd period - Snap shot by David Krejci.
19:20 of 3rd period - Shot Blocked by Torey Krug.
19:36 of 3rd period - David Booth is hit by Vladimir Mihalik and loses puck.
Goals for this period are 0 for Blue Jackets vs 2 for Senateurs.
Shots for this period are 5 for Blue Jackets vs 12 for Senateurs.